 Dungeon Crawl Stone Soup version 0.25.1-2-g60ff931df9 (webtiles) character file.

Game seed: 2039101736728461042

320520 Peloso the Minotaur Barricade (level 20, -55/189 HPs)
             Began as a Minotaur Fighter on Sept 1, 2020.
             Was the Champion of Okawaru.
             Annihilated by a titanic slime creature (95 damage)
             ... on level 1 of the Pits of Slime.
             The game lasted 02:33:03 (47204 turns).

Peloso the Minotaur Barricade (Minotaur Fighter)   Turns: 47204, Time: 02:33:03

Health: -55/189    AC: 30    Str: 38    XL:     20   Next: 62%
Magic:  29/29      EV: 12    Int:  5    God:    Okawaru [******]
Gold:   3121       SH:  0    Dex: 12    Spells: 19/19 levels left

rFire    + . .     SeeInvis +   a - +9 double sword (elec)
rCold    . . .     Gourm    .   r - +2 tower shield {rF+}
rNeg     . . .     Faith    .   G - +1 plate armour "Kiynire" {MR+ Regen+}
rPois    .         Spirit   .   s - +1 hat
rElec    .         Reflect  +   y - +2 cloak
rCorr    +         Harm     .   U - +2 pair of gloves of Resilience {rCorr Str+2}
MR       ++...     Rnd*Tele +   W - +2 pair of boots {Fly}
Stlth    ..........             Q - amulet of reflection
HPRegen  0.81/turn              m - ring "Conto" {Str+5 SInv Stlth+}
MPRegen  0.21/turn              u - ring "Leqic" {rCorr MP+9 Str+5}

@: confused, flying
A: retaliatory headbutt, horns 2, teleportitis 1, weak 1
}: 2/15 runes: decaying, serpentine
a: Heroism, Finesse, Renounce Religion, Stop Flying


You were on level 1 of the Pits of Slime.
You worshipped Okawaru.
Okawaru was exalted by your worship.
You were very hungry.

You visited 8 branches of the dungeon, and saw 37 of its levels.
You visited the Abyss 1 time.
You also visited: Trove, Ossuary and Volcano.

You collected 5192 gold pieces.
You spent 2071 gold pieces at shops.

Inventory:

Hand Weapons
 a - a +9 double sword of electrocution (weapon)
 b - a +6 double sword of flaming
 c - a +8 double sword of holy wrath
 l - the +7 hand crossbow of Mong {flame, MP+9}
   (You found it in a treasure trove)

   It causes projectiles fired from it to burn those they strike, causing extra
   injury to most foes and up to half again as much damage against particularly
   susceptible opponents.
   It affects your magic capacity (+9).
Missiles
 h - 931 bolts
Armour
 r - a +2 tower shield of fire resistance (worn)
 s - a +1 hat (worn)
 y - a +2 cloak (worn)
 G - the +1 plate armour "Kiynire" (worn) {MR+ Regen+}
   (You bought it in a shop on level 7 of the Dungeon)

   It affects your resistance to hostile enchantments.
   It increases your rate of regeneration.
 U - the +2 pair of gloves of Resilience (worn) {rCorr Str+2}
   (Okawaru gifted it to you on level 15 of the Dungeon)

   It affects your strength (+2).
   It provides partial protection from all sources of acid and corrosion.
 W - a +2 pair of boots of flying (worn)
 Y - a +2 pair of boots of running
Jewellery
 m - the ring "Conto" (left hand) {Str+5 SInv Stlth+}
   (You found it in a treasure trove)

   [ring of stealth]

   It affects your strength (+5).
   It lets you see invisible.
   It makes you more stealthy.
 u - the ring "Leqic" (right hand) {rCorr MP+9 Str+5}
   (You found it in a treasure trove)

   [ring of resist corrosion]

   It affects your strength (+5).
   It affects your magic capacity (+9).
   It provides partial protection from all sources of acid and corrosion.
 D - an uncursed ring of protection from magic
 K - an uncursed ring of protection from fire
 L - an uncursed ring of poison resistance
 Q - an amulet of reflection (around neck)
 R - an uncursed ring of protection from cold
Wands
 T - a wand of digging (2)
Scrolls
 g - 9 scrolls of identify
 j - 8 scrolls of teleportation
 p - 4 scrolls of fear
 t - 5 scrolls of blinking
 x - 6 scrolls of magic mapping
 A - 4 scrolls of noise
 E - 20 scrolls of remove curse
 S - 6 scrolls of immolation
Potions
 d - 11 potions of might
 i - 8 potions of curing
 k - 8 potions of stabbing
 o - 6 potions of haste
 v - 3 potions of resistance
 z - 11 potions of heal wounds
 J - 3 potions of mutation
 N - 3 potions of berserk rage
Comestibles
 f - 63 rations


   Skills:
 + Level 18.6 Fighting
 + Level 19.8 Long Blades
 + Level 16.9 Armour
 + Level 6.3 Dodging
 + Level 2.1 Stealth
 O Level 27 Shields
 + Level 2.2 Invocations
 + Level 1.2 Evocations


You had 19 spell levels left.
You didn't know any spells.
Your spell library contained the following spells:

 Spells                   Type           Power        Failure   Level  Hunger
 Animate Skeleton         Necr           N/A          88%         1    ##.....
 Apportation              Tloc           #.....       88%         1    ##.....
 Beastly Appendage        Tmut           #.....       88%         1    ##.....
 Corona                   Hex            #......      88%         1    ##.....
 Foxfire                  Conj/Fire      #...         88%         1    ##.....
 Magic Dart               Conj           #...         88%         1    ##.....
 Sandblast                Erth           #.....       88%         1    ##.....
 Sting                    Tmut/Pois      #...         88%         1    ##.....
 Summon Butterflies       Summ           #.......     88%         1    ##.....
 Summon Small Mammal      Summ           #...         88%         1    ##.....
 Blink                    Tloc           N/A          96%         2    ###....
 Call Imp                 Summ           #.......     96%         2    ###....
 Ensorcelled Hibernation  Hex/Ice        #.....       96%         2    ###....
 Passwall                 Tmut/Erth      #.......     96%         2    ###....
 Poisonous Vapours        Pois/Air       #.....       96%         2    ###....
 Shroud of Golubria       Chrm/Tloc      #.....       96%         2    ###....
 Slow                     Hex            #.......     96%         2    ###....
 Sticks to Snakes         Tmut           #.......     96%         2    ###....
 Sublimation of Blood     Necr           #.........   96%         2    ###....
 Call Canine Familiar     Summ           #.......     99%         3    ####...
 Confusing Touch          Hex            #.......     99%         3    ####...
 Conjure Flame            Conj/Fire      #.......     99%         3    ####...
 Dazzling Flash           Conj/Hex       #.....       99%         3    ####...
 Gell's Gravitas          Tloc           #.........   99%         3    ####...
 Ignite Poison            Fire/Tmut/Pois #.......     99%         3    ####...
 Inner Flame              Hex/Fire       #.......     99%         3    ####...
 Lesser Beckoning         Tloc           #.........   99%         3    ####...
 Mephitic Cloud           Conj/Pois/Air  #.......     99%         3    ####...
 Portal Projectile        Hex/Tloc       #.....       99%         3    ####...
 Recall                   Summ/Tloc      N/A          99%         3    ####...
 Spider Form              Tmut/Pois      #.........   99%         3    ####...
 Stone Arrow              Conj/Erth      #.....       99%         3    ####...
 Summon Guardian Golem    Hex/Summ       #.......     99%         3    ####...
 Teleport Other           Tloc           #.......     99%         3    ####...
 Tukima's Dance           Hex            #.......     99%         3    ####...
 Cause Fear               Hex            #.........   100%        4    #####..
 Ice Form                 Ice/Tmut       #.......     100%        4    #####..
 Leda's Liquefaction      Hex/Erth       #.........   100%        4    #####..
 Olgreb's Toxic Radiance  Pois           #.......     100%        4    #####..
 Passage of Golubria      Tloc           N/A          100%        4    #####..
 Petrify                  Tmut/Erth      #.......     100%        4    #####..
 Sticky Flame             Conj/Fire      #.......     100%        4    #####..
 Summon Ice Beast         Ice/Summ       #.......     100%        4    #####..
 Summon Lightning Spire   Summ/Air       #.......     100%        4    #####..
 Alistair's Intoxication  Tmut/Pois      #.......     100%        5    ######.
 Aura of Abjuration       Summ           #.........   100%        5    ######.
 Blade Hands              Tmut           #.........   100%        5    ######.
 Fireball                 Conj/Fire      #.........   100%        5    ######.
 Irradiate                Conj/Tmut      #.........   100%        5    ######.
 Lee's Rapid Deconstruct  Erth           #.........   100%        5    ######.
 Metabolic Englaciation   Hex/Ice        #.........   100%        5    ######.
 Summon Demon             Summ           #.........   100%        5    ######.
 Summon Forest            Summ/Tloc      #.........   100%        5    ######.
 Summon Mana Viper        Hex/Summ       #.......     100%        5    ######.
 Yara's Violent Unravell  Hex/Tmut       #.........   100%        5    ######.
 Eringya's Noxious Bog    Tmut/Pois      #.........   100%        6    #######
 Invisibility             Hex            #.......     100%        6    #######
 Shadow Creatures         Summ           N/A          100%        6    #######
 Summon Hydra             Summ           #.........   100%        7    #######


Dungeon Overview and Level Annotations

Branches:
Dungeon (15/15)            Temple (0/1) D:5            Lair (6/6) D:11
  Swamp (4/4) Lair:2        Snake (4/4) Lair:3        Slime (1/5) Lair:5
    Orc (2/2) D:12            Elf (3/3) Orc:2        Vaults (2/5) D:13
  Crypt (0/3) Vaults:2     Depths (0/5) D:15        Ossuary (visited)
Volcano (visited)

Altars:
Cheibriados
Gozag
Okawaru
Ru
Sif Muna
Uskayaw
Wu Jian
Yredelemnul
Zin

Shops:
D:6 [   D:7 [   D:8 =   D:10 *   Orc:2 !%:(   Elf:1 [*=%}   Elf:2 !*!((
Snake:4 ?   Vaults:1 %   Vaults:2 ?

Portals:
Pandemonium: Orc:2

Annotations:
D:3 2 runed translucent doors, xf86enodev's ghost, amateur MiMo
Elf:2 5 runed translucent doors


Innate Abilities, Weirdness & Mutations

You reflexively headbutt those who attack you in melee.
You have a pair of horns on your head.
You are occasionally teleported next to monsters.
You are weak. (Str -2)


Message History

Unknown command.
You closely miss the slime creature. You headbutt the slime creature!
The slime creature is almost dead.
The titanic slime creature hits you!!!
* * * LOW HITPOINT WARNING * * *
The slime creature hits you but does no damage.
The great orb of eyes bites you but does no damage.
The slime creature closely misses you.
The slime creature hits you but does no damage.
You're too confused!
Unknown command.
You feel better. The golden eye blinks at you.
You resist with almost no effort. The golden eye blinks at you.
You are confused.
The slime creature hits you but does no damage.
The titanic slime creature hits you!!!!
Ouch! That really hurt!
You die...

#... ..........##
....###..........##
...#............#
#....#.........
##.............
##............##
##.G............#
#.JJG....<.....#
##J@J.........##
#J§§.....#..##
##..#.G.....#
#####......#
#.......#
.........#
##....##.## .....#
##


You could see a great orb of eyes, a titanic slime creature, 4 slime creatures
and 2 golden eyes.

Vanquished Creatures
  A lich (Abyss:2)
  2 deep elf master archers (Elf:3)
  2 deep elf blademasters (Elf:3)
  An acid blob (Slime:1)
  A tentacled starspawn (Abyss:2)
  Gastronok (D:10)
  3 thorn hunters
  Donald (Elf:1)
  11 nagarajas
  A frost giant (D:15)
  Aizul (Snake:2)
  3 deep elf sorcerers (Elf:3)
  3 vault wardens
  4 deep elf elementalists (Elf:3)
  2 ironheart preservers
  A stone giant (Orc:1)
  A very ugly thing (Swamp:4)
  A vampire knight (Vaults:2)
  5 deep elf demonologists (Elf:3)
  A red draconian (Volcano)
  2 deep elf annihilators (Elf:3)
  A spark wasp (shapeshifter) (Vaults:1)
  4 deep elf death magi
  4 vault guards (D:13)
  3 deep elf high priests (Elf:3)
  A great orb of eyes (Abyss:2)
  3 yaktaur captains (Vaults:2)
  3 ogre magi
  Fannar (D:12)
  2 ghost crabs
  13 naga warriors
  Erolcha (D:10)
  27 hydras
  A merfolk avatar (Lair:6)
  7 shambling mangroves
  10 anacondas
  15 two-headed ogres
  7 centaur warriors
  A two-headed ogre (shapeshifter) (Vaults:2)
  20 alligators
  A death knight (Vaults:2)
  9 death yaks
  14 dancing weapons
  8 orc high priests
  2 thrashing horrors (Abyss:2)
  Urug (Orc:1)
  11 shock serpents
  10 deep elf knights
  A spriggan berserker (Swamp:4)
  16 naga sharpshooters
  A small abomination (Elf:1)
  A soul eater (Orc:2)
  A wretched star (Abyss:2)
  5 salamander mystics
  2 spriggan druids (Swamp:4)
  2 skeletal warriors (Vaults:2)
  2 flayed ghosts (Vaults:2)
  5 unseen horrors
  An infernal demonspawn (Orc:2)
  A gelid demonspawn (Orc:2)
  7 naga ritualists
  14 deep elf archers
  9 swamp dragons
  A wizard (Vaults:2)
  5 ironbrand convokers
  11 orc knights
  A harpy (Lair:6)
  10 mana vipers
  2 necromancers (Vaults:2)
  48 deep elf magi
  A phantasmal warrior (Vaults:2)
  28 ugly things
  A tengu skeleton (Vaults:2)
  A mana viper (shapeshifter) (D:14)
  7 cyclopes
  A worldbinder (Abyss:2)
  An oklob plant (Snake:1)
  7 orc sorcerers
  A shining eye (Slime:1)
  8 guardian serpents
  48 black mambas
  A frost giant skeleton (Vaults:2)
  8 salamanders
  2 elephants (Lair:6)
  2 manticores
  Maurice (D:8)
  An apocalypse crab (Abyss:2)
  A torpor snail (Lair:6)
  10 naga magi
  A centaur zombie (D:13)
  2 smoke demons
  A vault sentinel (Vaults:1)
  18 spiny frogs
  A gargoyle (D:10)
  2 molten gargoyles (Volcano)
  A spiny frog (shapeshifter) (Elf:1)
  Psyche (D:8)
  Maggie (D:8)
  A kobold demonologist (D:13)
  15 yaktaurs
  An orange demon (Orc:2)
  7 rime drakes
  A komodo dragon (shapeshifter) (Elf:3)
  An efreet (D:13)
  A ghost moth simulacrum (Abyss:2)
  10 komodo dragons
  A hellwing (Orc:2)
  A freezing wraith (Vaults:2)
  A meliai (shapeshifter) (Elf:1)
  9 polar bears
  6 trolls
  20 hornets
  3 wind drakes (Lair:6)
  6 hippogriffs
  11 bog bodies
  9 tyrant leeches
  8 blink frogs
  A raiju (Abyss:2)
  25 slime creatures
  Sigmund (D:4)
  4 air elementals
  A tarantella (shapeshifter) (D:14)
  2 wyverns
  7 spriggans
  51 yaks
  2 vampires
  3 shadows
  A water elemental (Elf:2)
  A wraith (Abyss:2)
  Eustachio (D:4)
  5 basilisks
  3 fire elementals
  2 golden eyes (Slime:1)
  A hungry ghost (D:15)
  3 large abominations (Abyss:2)
  2 fire bats (Volcano)
  2 neqoxecs
  2 chaos spawn
  8 wargs
  17 vampire mosquitoes
  24 insubstantial wisps
  19 swamp worms
  56 nagas
  A soldier ant (shapeshifter) (Vaults:1)
  3 acid dragons
  12 porcupines
  8 water moccasins
  19 swamp drakes
  3 ice beasts
  6 black bears
  An eye of draining (D:15)
  56 orc warriors
  7 sky beasts
  A hornet zombie (D:15)
  An ettin simulacrum (Vaults:1)
  5 phantoms
  14 centaurs
  A necrophage (D:14)
  A human skeleton (Vaults:2)
  13 ogres
  4 wolves (Lair:6)
  11 crocodiles
  An elf zombie (Ossuary)
  A big kobold (shapeshifter) (Vaults:1)
  22 bullfrogs
  A gnoll sergeant (D:6)
  4 earth elementals
  A scorpion (shapeshifter) (Elf:3)
  8 scorpions
  A wyvern skeleton (D:11)
  20 killer bees
  A water moccasin skeleton (D:6)
  A human simulacrum (Vaults:2)
  26 wights
  6 electric eels
  6 howler monkeys
  4 crimson imps
  A bullfrog zombie (D:13)
  7 lava snakes (Volcano)
  A quasit (D:5)
  5 hounds
  5 centaur skeletons
  10 jellies
  A human zombie (Ossuary)
  35 orc priests
  2 bullfrog skeletons
  2 gnoll shamans (D:7)
  An iron imp (Abyss:2)
  Jessica (D:2)
  5 hell rats (Lair:4)
  4 iguanas
  24 orc wizards
  12 worker ants
  2 killer bee zombies
  2 big kobold zombies (Ossuary)
  2 mummies (Ossuary)
  13 gnolls
  A worker ant zombie (D:5)
  10 adders
  3 shadow imps
  An ufetubus (Abyss:2)
  An ooze (D:5)
  5 adder zombies
  3 worms (D:2)
  4 dart slugs
  A leopard gecko (D:6)
  144 orcs
  6 bats
  5 giant cockroaches
  4 goblins
  7 hobgoblins
  21 jackals
  6 quokkas
  2 ball pythons
  9 frilled lizards
  A giant cockroach zombie (D:6)
  A goblin zombie (Ossuary)
  8 hobgoblin zombies (Ossuary)
  A jackal zombie (Ossuary)
  8 kobolds
  9 kobold zombies (Ossuary)
  A leopard gecko skeleton (D:5)
  A leopard gecko zombie (D:5)
  8 orc zombies (Ossuary)
  A quokka skeleton (D:5)
  5 rats
  2 rat zombies (Ossuary)
  2 briar patches (Swamp:4)
  3 crawling corpses
  3 plants
1580 creatures vanquished.

Vanquished Creatures (others)
  An alligator (Swamp:1)
  A naga sharpshooter (Snake:4)
  A salamander mystic (Snake:4)
  A naga mage (Snake:4)
  13 bushes (D:15)
  27 fungi
  13 plants
  2 starspawn tentacles (Abyss:2)
59 creatures vanquished.

Grand Total: 1639 creatures vanquished

Notes
Turn   | Place    | Note
-------+----------+-------------------------------------------
     0 | D:1      | Peloso the Minotaur Fighter began the quest for the Orb.
     0 | D:1      | Reached XP level 1. HP: 19/19 MP: 0/0
   119 | D:1      | Reached XP level 2. HP: 11/27 MP: 1/1
   698 | D:1      | Reached skill level 4 in Shields
   955 | D:2      | Reached XP level 3. HP: 33/33 MP: 2/2
  1531 | D:2      | Reached XP level 4. HP: 32/40 MP: 3/3
  1633 | D:2      | Found a faded altar of an unknown god.
  1835 | D:2      | Noticed Jessica
  1840 | D:2      | Killed Jessica
  2128 | D:2      | Reached XP level 5. HP: 18/46 MP: 1/4
  2426 | D:3      | Found a runed translucent door.
  2428 | D:3      | Noticed xf86enodev's ghost (amateur MiMo)
  2537 | D:3      | Found a runed translucent door.
  2903 | D:4      | Reached skill level 5 in Armour
  2903 | D:4      | Noticed Eustachio
  2999 | D:4      | Killed Eustachio
  2999 | D:4      | Reached skill level 5 in Shields
  2999 | D:4      | Reached XP level 6. HP: 20/53 MP: 2/5
  3210 | D:4      | Reached skill level 5 in Long Blades
  3210 | D:4      | Reached skill level 1 in Dodging
  3332 | D:4      | You fall into a shaft and drop 3 floors!
  3354 | D:7      | Reached skill level 6 in Shields
  3354 | D:7      | Reached XP level 7. HP: 55/60 MP: 4/6
  3493 | D:5      | Entered Level 5 of the Dungeon
  3531 | D:5      | Reached skill level 5 in Fighting
  3617 | D:5      | Found a sand-covered staircase.
  3626 | Ossuary  | Entered an ossuary
  3795 | Ossuary  | Reached skill level 7 in Shields
  4043 | D:5      | Reached XP level 8. HP: 16/68 MP: 2/7
  4910 | D:5      | Found an iron altar of Okawaru.
  4912 | D:5      | Found a hide-covered altar of Uskayaw.
  4919 | D:5      | Became a worshipper of Warmaster Okawaru
  5077 | D:5      | Found a staircase to the Ecumenical Temple.
  5304 | D:4      | Reached skill level 8 in Shields
  5778 | D:4      | Noticed Sigmund
  5823 | D:4      | Killed Sigmund
  5823 | D:4      | Reached * piety under Okawaru
  5899 | D:4      | Found a sacrificial altar of Ru.
  6174 | D:6      | Found Houwiy's Antique Armour Shop.
  6193 | D:6      | Reached XP level 9. HP: 75/75 MP: 8/8
  6734 | D:6      | Reached skill level 9 in Shields
  7106 | D:7      | Identified the +10 scimitar "Onarphu" {freeze, MR- Str+9
                  | Int-4}
  7343 | D:7      | Reached ** piety under Okawaru
  7620 | D:7      | Found Yse Pups's Armour Boutique.
  8059 | D:8      | Noticed Maggie
  8068 | D:8      | Killed Maggie
  8068 | D:8      | Reached skill level 10 in Shields
  8345 | D:8      | Noticed Maurice
  8354 | D:8      | Killed Maurice
  8354 | D:8      | Reached XP level 10. HP: 67/86 MP: 5/9
  8497 | D:8      | Found a shimmering blue altar of Sif Muna.
  8501 | D:8      | Noticed Psyche
  8505 | D:8      | Killed Psyche
  8505 | D:8      | Reached *** piety under Okawaru
  8505 | D:8      | Reached skill level 10 in Long Blades
  8639 | D:8      | Found Ydinubef's Jewellery Boutique.
  8648 | D:8      | Bought a cursed amulet of inaccuracy for 24 gold pieces
  8753 | D:8      | Found an opulent altar of Gozag.
  8957 | D:7      | Bought the +1 plate armour "Kiynire" {MR+ Regen+} for 446
                  | gold pieces
  9013 | D:9      | Noticed a two-headed ogre
  9149 | D:8      | Killed a two-headed ogre
  9149 | D:8      | Reached skill level 11 in Shields
  9149 | D:8      | Reached skill level 1 in Evocations
  9155 | D:8      | Reached **** piety under Okawaru
  9261 | D:9      | You fall into a shaft and drop 2 floors!
  9261 | D:11     | Noticed a two-headed ogre
  9271 | D:11     | Killed a two-headed ogre
  9271 | D:11     | Reached ***** piety under Okawaru
  9291 | D:10     | Entered Level 10 of the Dungeon
  9291 | D:10     | Found Jideugex's Assorted Antiques.
  9295 | D:10     | Reached XP level 11. HP: 82/95 MP: 8/10
  9350 | D:10     | Noticed Erolcha
  9366 | D:10     | Killed Erolcha
  9366 | D:10     | Reached skill level 12 in Shields
 10029 | D:10     | Noticed Gastronok
 10035 | D:10     | Reached skill level 10 in Armour
 10051 | D:10     | Killed Gastronok
 10051 | D:10     | Received a gift from Okawaru
 10214 | D:10     | Reached ****** piety under Okawaru
 10905 | D:11     | Found a staircase to the Lair.
 11056 | D:11     | Noticed a two-headed ogre
 11064 | D:11     | Killed a two-headed ogre
 11064 | D:11     | Reached skill level 10 in Fighting
 11064 | D:11     | Reached skill level 13 in Shields
 11064 | D:11     | Reached XP level 12. HP: 93/106 MP: 11/11
 11065 | D:11     | Reached skill level 1 in Stealth
 11366 | D:12     | Found a staircase to the Orcish Mines.
 11369 | D:12     | Noticed Fannar
 11385 | D:12     | Killed Fannar
 11491 | D:12     | Found a portal to a secret trove of treasure.
 11524 | D:12     | You paid a toll of 14 scrolls of teleportation to enter a
                  | treasure trove
 11525 | Trove    | Entered a treasure trove
 11541 | Trove    | Got an ichor-stained hand crossbow
 11542 | Trove    | Identified the +7 hand crossbow of Mong {flame, MP+9} (You
                  | found it in a treasure trove)
 11548 | Trove    | Got a wavering golden ring
 11550 | Trove    | Identified the ring "Conto" {Str+5 SInv Stlth+} (You found
                  | it in a treasure trove)
 11559 | Trove    | Got an iridescent falchion
 11560 | Trove    | Identified the +7 falchion of the Glowing Butterfly
                  | {freeze, rC++ rN+ Int-3 Stlth+} (You found it in a treasure
                  | trove)
 11568 | Trove    | Got a brightly glowing iron ring
 11570 | Trove    | Identified the ring "Leqic" {rCorr MP+9 Str+5} (You found
                  | it in a treasure trove)
 11715 | Lair:1   | Entered Level 1 of the Lair of Beasts
 11715 | Lair:1   | Found a basalt altar of Yredelemnul.
 11866 | Lair:1   | Received a gift from Okawaru
 12709 | D:12     | Noticed a two-headed ogre
 12722 | D:12     | Killed a two-headed ogre
 12770 | D:12     | Reached skill level 14 in Shields
 14154 | Lair:2   | Found a staircase to the Swamp.
 14528 | Lair:3   | Found a staircase to the Snake Pit.
 14589 | Lair:3   | Reached XP level 13. HP: 116/116 MP: 12/12
 15292 | Lair:4   | Received a gift from Okawaru
 15300 | Lair:4   | Got a jewelled scale mail {god gift}
 15359 | Lair:4   | Reached skill level 15 in Shields
 15447 | Lair:4   | Found a dark tunnel.
 15466 | Volcano  | Entered a volcano
 15928 | Volcano  | Found a radiant altar of Vehumet.
 16035 | Volcano  | Noticed a red draconian
 16050 | Volcano  | Killed a red draconian
 16423 | Lair:4   | Reached skill level 15 in Long Blades
 16956 | Lair:4   | Identified the +0 scale mail "Quepn" {rPois rN+ Dex+2}
                  | (Okawaru gifted it to you on level 4 of the Lair of Beasts)
 17144 | Orc:1    | Entered Level 1 of the Orcish Mines
 17337 | Orc:1    | Noticed a stone giant
 17404 | Orc:1    | Killed a stone giant
 17404 | Orc:1    | Reached skill level 16 in Shields
 17404 | Orc:1    | Reached skill level 1 in Invocations
 17409 | Orc:1    | Noticed Urug
 17438 | Orc:1    | Killed Urug
 17882 | Orc:2    | Entered Level 2 of the Orcish Mines
 18291 | Orc:2    | Found a staircase to the Elven Halls.
 18424 | Orc:2    | Found Ecsogam's Food Boutique.
 18617 | Orc:2    | Received a gift from Okawaru
 18717 | Orc:2    | Found Molur's Distillery.
 18789 | Orc:2    | Bought a potion of mutation for 120 gold pieces
 18890 | Orc:2    | Reached XP level 14. HP: 68/126 MP: 13/13
 18912 | Orc:2    | Paralysed by an orc sorcerer for 5 turns
 18920 | Orc:2    | Reached skill level 17 in Shields
 19248 | Orc:2    | Found Ceqaerghu's Antique Weapon Emporium.
 19248 | Orc:2    | Found a one-way gate leading to the halls of Pandemonium.
 19248 | Orc:2    | Found Dyzew's Book Shoppe.
 19987 | D:13     | Received a gift from Okawaru
 19997 | D:13     | Reached skill level 18 in Shields
 20037 | D:13     | Got a twisted scale mail {god gift}
 20048 | D:13     | Identified the +6 scale mail of the Hurricane {rN+}
                  | (Okawaru gifted it to you on level 13 of the Dungeon)
 20212 | D:13     | Found a gate to the Vaults.
 21603 | D:14     | Found a glowing silver altar of Zin.
 21623 | D:14     | Reached skill level 19 in Shields
 21939 | D:15     | Entered Level 15 of the Dungeon
 22056 | D:15     | Received a gift from Okawaru
 22061 | D:15     | Got a pair of heavily runed gloves {god gift}
 22072 | D:15     | Identified the +2 pair of gloves of Resilience {rCorr
                  | Str+2} (Okawaru gifted it to you on level 15 of the
                  | Dungeon)
 22081 | D:15     | Found a staircase to the Depths.
 22081 | D:15     | Noticed a frost giant
 22093 | D:15     | Killed a frost giant
 22093 | D:15     | Reached XP level 15. HP: 117/135 MP: 15/15
 23515 | Lair:5   | Reached skill level 20 in Shields
 23721 | Lair:5   | Found a staircase to the Slime Pits.
 23812 | Lair:5   | Received a gift from Okawaru
 24402 | Lair:6   | Entered Level 6 of the Lair of Beasts
 24713 | Lair:6   | Received a gift from Okawaru
 24725 | Lair:6   | Identified a +0 pair of boots of running (Okawaru gifted it
                  | to you on level 6 of the Lair of Beasts)
 25991 | Lair:6   | Reached XP level 16. HP: 143/146 MP: 16/16
 26064 | Swamp:1  | Entered Level 1 of the Swamp
 26095 | Swamp:1  | Reached skill level 21 in Shields
 27446 | Swamp:2  | Paralysed by a hornet for 3 turns
 27589 | Swamp:2  | Received a gift from Okawaru
 27939 | Swamp:2  | Noticed a thorn hunter
 27947 | Swamp:2  | Killed a thorn hunter
 28158 | Swamp:3  | Reached skill level 22 in Shields
 29112 | Snake:1  | Entered Level 1 of the Snake Pit
 29257 | Snake:1  | Found a sacrificial altar of Ru.
 29599 | Snake:1  | Found a snail-covered altar of Cheibriados.
 30102 | Snake:1  | Reached skill level 15 in Fighting
 30628 | Snake:2  | Reached XP level 17. HP: 146/156 MP: 17/17
 30720 | Snake:2  | Received a gift from Okawaru
 30764 | Snake:2  | Reached skill level 5 in Dodging
 31005 | Snake:2  | Noticed Aizul
 31021 | Snake:2  | Killed Aizul
 32363 | Snake:3  | Reached skill level 23 in Shields
 32523 | Snake:3  | Received a gift from Okawaru
 33829 | Elf:1    | Entered Level 1 of the Elven Halls
 33851 | Elf:1    | Found Seloogh's Antique Armour Emporium.
 33892 | Elf:1    | Found Iholuan's Assorted Antiques.
 33931 | Elf:1    | Found Cerroicu's Jewellery Boutique.
 34023 | Elf:1    | Bought a bloodstained long sword for 238 gold pieces
 34023 | Elf:1    | Identified the cursed +1 long sword of Invincibility
                  | {venom, MR- MP-9 Int+8 Dex+6} (You bought it in a shop on
                  | level 1 of the Elven Halls)
 34034 | Elf:1    | Bought a scroll labeled PUGULL ZYXEX for 28 gold pieces
 34428 | Elf:1    | Found Gusum's Gadget Shop.
 34493 | Elf:1    | Noticed Donald
 34509 | Elf:1    | Killed Donald
 34723 | Elf:1    | Received a gift from Okawaru
 34751 | Elf:1    | Found Tailulee's Food Emporium.
 34896 | Elf:2    | Reached XP level 18. HP: 111/166 MP: 18/18
 34996 | Elf:2    | Found Foynn's Weapon Boutique.
 35004 | Elf:2    | Found Vuoh Loi's Antique Weapon Emporium.
 35024 | Elf:2    | Reached skill level 24 in Shields
 35366 | Elf:2    | Found Toresint's General Store.
 35376 | Elf:2    | Reached skill level 15 in Armour
 35559 | Elf:2    | Found Fiuskas's Distillery.
 35578 | Elf:2    | Bought a potion of heal wounds for 75 gold pieces
 35578 | Elf:2    | Bought a potion of might for 60 gold pieces
 35578 | Elf:2    | Bought a potion of heal wounds for 75 gold pieces
 35578 | Elf:2    | Bought a potion of mutation for 120 gold pieces
 35578 | Elf:2    | Bought a potion of haste for 150 gold pieces
 35611 | Elf:2    | Found Rimoakit's Distillery.
 35626 | Elf:2    | Bought a scroll of identify for 38 gold pieces
 35727 | Elf:2    | Found a huge runed translucent gate.
 35733 | Elf:2    | Found a huge runed translucent gate.
 35734 | Elf:2    | Found a huge runed translucent gate.
 35735 | Elf:2    | Found a huge runed translucent gate.
 35736 | Elf:2    | Found a huge runed translucent gate.
 35914 | Elf:3    | Entered Level 3 of the Elven Halls
 36137 | Elf:3    | Received a gift from Okawaru
 36609 | Elf:3    | Noticed a Brimstone Fiend
 36760 | Elf:3    | Noticed a Tzitzimitl
 36768 | Elf:3    | Received a gift from Okawaru
 36772 | Elf:3    | Paralysed by an orc sorcerer for 3 turns
 36780 | Elf:3    | Noticed a Tzitzimitl
 36785 | Elf:3    | Noticed an Ice Fiend
 37284 | Elf:3    | Noticed a Tzitzimitl
 37367 | Elf:3    | Identified the cursed +1 morningstar of Vewanasa {pain,
                  | +Inv rF- rC- Str+7}
 37369 | Elf:3    | Received a gift from Okawaru
 37640 | Elf:3    | Gained mutation: You are occasionally teleported next to
                  | monsters. [a cacodemon]
 37660 | Elf:3    | Gained mutation: You are weak. (Str -2) [a cacodemon]
 38157 | Swamp:4  | Entered Level 4 of the Swamp
 38261 | Swamp:4  | Reached skill level 25 in Shields
 38622 | Swamp:3  | Reached XP level 19. HP: 51/177 MP: 19/19
 39786 | Swamp:4  | Received a gift from Okawaru
 39796 | Swamp:4  | Got a transparent demon blade {god gift}
 39797 | Swamp:4  | Identified the +7 demon blade of Shrieking Terror {flame,
                  | +Inv} (Okawaru gifted it to you on level 4 of the Swamp)
 40054 | Swamp:4  | Got a decaying rune of Zot
 40370 | Snake:4  | Entered Level 4 of the Snake Pit
 40663 | Snake:4  | Found an ornate altar of the Wu Jian Council.
 40933 | Snake:4  | Found Wuwk's Magic Scroll Emporium.
 41066 | Snake:4  | Bought a scroll of teleportation for 51 gold pieces
 41066 | Snake:4  | Bought a scroll of identify for 34 gold pieces
 41066 | Snake:4  | Bought a scroll of enchant weapon for 127 gold pieces
 41066 | Snake:4  | Bought 3 scrolls of immolation for 178 gold pieces
 41066 | Snake:4  | Bought a scroll of immolation for 59 gold pieces
 41066 | Snake:4  | Bought a scroll of magic mapping for 59 gold pieces
 42233 | Snake:4  | Reached skill level 26 in Shields
 42552 | Snake:4  | Received a gift from Okawaru
 42852 | Snake:4  | Got a serpentine rune of Zot
 43416 | Vaults:1 | Entered Level 1 of the Vaults
 43918 | Vaults:1 | Reached XP level 20. HP: 187/187 MP: 20/20
 44365 | Vaults:1 | Found Katurphu's Food Boutique.
 44677 | Vaults:2 | Found Dait's Magic Scroll Shoppe.
 44685 | Vaults:2 | Bought a scroll of enchant weapon for 135 gold pieces
 44685 | Vaults:2 | Bought a scroll of teleportation for 54 gold pieces
 45099 | Vaults:2 | Found a staircase to the Crypt.
 45331 | Vaults:2 | Cast into level 2 of the Abyss (a wizard)
 45504 | Abyss:2  | Found a shattered altar of Ashenzari.
 45546 | Abyss:2  | Received a gift from Okawaru
 45699 | Vaults:2 | Escaped the Abyss
 45994 | Vaults:2 | Reached skill level 27 in Shields
 47164 | Slime:1  | Entered Level 1 of the Pits of Slime
 47204 | Slime:1  | Annihilated by a titanic slime creature

Illustrated notes

Levels and vault maps discovered:
D:1:      heliophobic_arrival_battle_scene, layout_loops_cross,
          roderic_lattice_a
D:2:      layout_loops_ring, chequers_ecumenical_altar_simple_redux,
          uniq_jessica
D:3:      layout_rooms, ebering_ghost_sewer_f, first_ration
D:4:      layout_loops_cross, nicolae_ru_path_of_blood, uniq_eustachio,
          uniq_sigmund
D:5:      layout_basic, chequers_temple_overflow_statue_of_worship,
          minmay_temple_entry_glassed_door, chequers_ossuary_entry_cave
D:6:      layout_rooms, serial_shops, nicolae_shop_behind_doors
D:7:      layout_rooms, serial_shops, shop
D:8:      layout_basic, marbit_many_paths, overflow_temple_1_default,
          serial_shops, nicolae_shop_stone, grunt_pizzeria, uniq_psyche,
          uniq_maggie, uniq_maurice
D:9:      layout_cave_pools
D:10:     layout_roguey, serial_shops, shop, uniq_erolcha, uniq_gastronok
D:11:     layout_irregular_city, due_lair_maze_entry_diamond
D:12:     layout_small_grid, minmay_orc_entry_guard_dogs,
          trove_entry_hex_spiral, uniq_fannar
D:13:     layout_basic, lightli_vaults_fourway_checkpoint, solitary_fountain
D:14:     layout_basic, basic_altar, special_room [special_room_orc]
D:15:     grunt_enter_depths_snipers, layout_irregular_city, serial_park_paths
          [serial_park_minivault_5x5_3]
Lair:1:   layout_gridlike, basic_altar, beast_lair_carwin_11
Lair:2:   layout_regular_city, minmay_swamp_entry_swarm, columned_hall_lemuel,
          pond
Lair:3:   layout_loops_ring, dummy_snake_entry, serial_bayou_shore_a
Lair:4:   layout_loops_ring, lightli_volcano_entry_magma_tube,
          small_statue_intersection, cheibrodos_lair_lostbears
Lair:5:   layout_roguey, dpeg_slime_entry_corner,
          chequers_serial_rivers_large_a, bh_autumn_forest_stairs
Lair:6:   gammafunk_lair_ancient_temple, layout_regular_city,
          lemuel_fruit_fields
Swamp:1:  layout_basic_swamp, serial_swamp_ruin, hangedman_swamp_ruin_wall,
          evilmike_swamp_ruin_house_4, evilmike_swamp_ruin_house_6,
          nicolae_swamp_fairy_circle
Swamp:2:  layout_basic_swamp, hangedman_swamp_pad
Swamp:3:  layout_falls_marsh, nicolae_swamp_round_clearing
Swamp:4:  swamp_basic_johnstein, layout_basic_swamp
Snake:1:  layout_chambers, basic_altar, lemuel_oklob_altar, grunt_megastairs_1
Snake:2:  layout_basic, uniq_aizul
Snake:3:  layout_grid_shapes, lemuel_fruit_tree, grunt_megastairs_2
Snake:4:  johnstein_snake_rune_scales, layout_cave_shapes, basic_altar,
          serial_shops, shop_scrolls
Slime:1:  layout_caves
Orc:1:    nicolae_orc_accident_1, layout_caves, uniq_urug
Orc:2:    pf_orc_diabolical, layout_caves
Elf:1:    layout_gridlike, serial_shops,
          nicolae_shop_temple_entry_statues_fountains, shop_statue,
          nicolae_shop_crystal, shop, nicolae_shop_waterfront,
          minmay_elf_crystal_heptagon, minmay_misc_feat_columns, uniq_donald
Elf:2:    layout_gridlike, serial_shops,
          nicolae_shop_temple_entry_statues_fountains, shop, shop,
          small_statue_intersection, minmay_shop_star
Elf:3:    elf_hall_gauntlet_narrow, layout_geoelf_castle
Vaults:1: nicolae_vaults_yaktaur_gun_rack, nicolae_vaults_rhombus_5,
          nicolae_vaults_border_crossing, nicolae_vaults_little_squares_6,
          layout_vaults_omnigrid, serial_shops, nicolae_shop_window_shopping
Vaults:2: nicolae_vaults_specimen_jars, nicolae_vaults_network_quincunx
          [nicolae_vaults_network_quincunx_subvault,
          nicolae_vaults_network_quincunx_subvault,
          nicolae_vaults_network_quincunx_subvault,
          nicolae_vaults_network_quincunx_subvault,
          nicolae_vaults_network_quincunx_subvault],
          hangedman_vaults_river_flow, v_misc_23, vaults_room_fours,
          minmay_crypt_entry_simple_corners, grunt_vaults_hallway_long,
          nicolae_vaults_network_periphery, grunt_vaults_funnel, v_misc_30,
          ontoclasm_vaults_gateway, vaults_mumra_lcd, layout_vaults_maze_snakey,
          serial_shops, shop

Skill      XL: |  1  2  3  4  5  6  7  8  9 10 11 12 13 14 15 16 17 18 19 20 |
---------------+-------------------------------------------------------------+-----
Armour         | 4 5 6 7 9 10 11 12 13 14 15 16 | 16.9
Fighting       | 4 5 6 7 8 10 11 12 13 14 15 17 18 | 18.6
Shields        | 4 5 6 7 8 10 11 13 14 16 19 20 22 23 25 26 27 | 27.0
Long Blades    | 3 4 5 6 7 9 11 13 14 15 16 17 18 19 | 19.8
Dodging        | 1 2 3 4 5 6 |  6.3
Evocations     | 1 |  1.2
Stealth        | 1 2 |  2.1
Invocations    | 1 2 |  2.2

Action                   |  1- 3 |  4- 6 |  7- 9 | 10-12 | 13-15 | 16-18 | 19-21 || total
-------------------------+-------+-------+-------+-------+-------+-------+-------++-------
Melee: Long sword        |    71 |   145 |   420 |       |       |       |       ||   636
       Headbutt          |    10 |    25 |   122 |   137 |   451 |   348 |   261 ||  1354
       Scimitar          |       |       |    60 |   298 |   302 |   560 |    74 ||  1294
       Falchion          |       |       |       |   197 |  1229 |       |       ||  1426
       Double sword      |       |       |       |       |       |   776 |   827 ||  1603
       Demon blade       |       |       |       |       |       |       |    38 ||    38
Invok: Heroism           |       |       |     1 |     1 |     8 |     6 |     1 ||    17
Evoke: Wand              |       |       |     7 |       |     6 |       |       ||    13
  Use: Potion            |     2 |       |     1 |       |     3 |     3 |     7 ||    16
       Scroll            |     5 |     1 |    10 |     5 |     5 |    17 |    11 ||    54
 Stab: Confused          |       |       |       |       |       |     3 |       ||     3
  Eat: Chunk             |     2 |     6 |    16 |    15 |    33 |    29 |    14 ||   115
       Ration            |       |       |       |     2 |     1 |     3 |     4 ||    10
Armor: Scale mail        |    20 |       |       |       |       |       |       ||    20
       Chain mail        |     2 |   167 |   203 |       |       |       |       ||   372
       Plate armour      |       |       |    18 |   143 |   338 |   309 |   241 ||  1049
Dodge: Dodged            |    18 |    82 |   133 |   128 |   212 |   192 |   176 ||   941
Block: Kite shield       |    34 |   162 |   363 |   374 |   546 |       |       ||  1479
       Reflection        |       |       |       |     9 |    89 |   202 |   178 ||   478
       Tower shield      |       |       |       |       |  1133 |  1817 |  1484 ||  4434
       Rpst.: Long sword |     6 |    18 |    34 |       |       |       |       ||    58
       Scimitar          |       |       |    10 |    24 |     6 |    17 |       ||    57
       Falchion          |       |       |       |     7 |    29 |       |       ||    36
       Double sword      |       |       |       |       |       |    16 |    26 ||    42
       Demon blade       |       |       |       |       |       |       |     1 ||     1
